[Event "Biel Challengers Blitz 2024"]
[White "Salem,A.R. Saleh"]
[Black "Samunenkov,Ihor"]
[Site "Biel"]
[Round "1.1"]
[Annotator "RC"]
[Result "1-0"]
[Date "2024.07.21"]
[WhiteElo "2638"]
[BlackElo "2532"]
[PlyCount "101"]
[TimeControl "180+2"]

1. d4 d5 2. c4 c6 3. Nf3 Nf6 4. Nc3 e6 5. g3 Be7 6. Bg2 O-O 7. O-O a5 8. b3 b6 9. Nd2 Ba6 10. a4 Bb4 11. Bb2 Nbd7 12. e4 c5 13. exd5 cxd4 14. Nb5 exd5 15. Nxd4 Rc8 16. cxd5 Bxf1 17. Nxf1 Ne5 18. Nf5 Bc3 19. Bxc3 Rxc3 20. Qd4 Nf3+ 21. Bxf3 Rxf3 22. N1e3 Re8 23. d6 g6 24. Nh4 Rfxe3 25. fxe3 Ne4 26. Rd1 Qd7 27. Nf3 Re6 28. Ne5 Qxd6 29. Nc4 Qe7 30. Nxb6 Nf6 31. Qd8+ Qxd8 32. Rxd8+ Kg7 33. Nc4 Ng4 34. Rd3 Ne5 35. Nxe5 Rxe5 36. Kf2 f5 37. Rd7+ Kh6 38. h4 Rc5 39. Rb7 Rc2+ 40. Kf3 Rb2 41. e4 fxe4+ 42. Kxe4 Re2+ 43. Kf3 Rc2 44. g4 g5 45. Rb6+ Kg7 46. hxg5 Rc1 47. Rb5 Rb1 48. Kf4 Rf1+ 49. Ke4 Re1+ 50. Kd3 Rb1 51. Ke4 1-0

[Event "Biel Challengers Blitz 2024"]
[White "Donchenko,Alexander"]
[Black "Vaishali,Rameshbabu"]
[Site "Biel"]
[Round "1.2"]
[Annotator "TA"]
[Result "1-0"]
[Date "2024.07.21"]
[WhiteElo "2639"]
[BlackElo "2489"]
[PlyCount "71"]
[TimeControl "180+2"]

1. c4 Nf6 2. g3 c5 3. Bg2 e6 4. Nf3 Nc6 5. O-O b6 6. d4 cxd4 7. Nxd4 Bb7 8. Nc3 Rc8 9. Ndb5 a6 10. Nd6+ Bxd6 {[%emt 0:0:1] Weiß steht besser.} 11. Qxd6 Qe7 12. Bf4 {[%emt 0:0:5] Weiß steht deutlich aktiver.} (12. Qxe7+ $16 Kxe7 13. Bd2 )Qxd6 $1 $14 13. Bxd6 Na5 (13... Nd8 $14 )14. b3 Bxg2 $1 15. Kxg2 Nb7 16. Ba3 d5 17. Na4 b5 {[%emt 0:0:6] [#]} 18. cxb5 (18. Nb2 $1 $16 )axb5 $11 19. Nb2 Kd7 20. Nd3 {[%emt 0:0:1] Ne5+ wäre nun fies.} Ne4 {[%emt 0:0:36] Das Aus für Schwarz.} (20... Rhd8 $16 )21. Ne5+ $18 Ke8 22. Rfc1 Ra8 (22... Nc3 $142 23. Bb4 d4 )23. Rc7 Rxa3 24. Rxb7 Ra8 {[%emt 0:0:3] Gegen Rb8+ gerichtet.} 25. Rc1 (25. Nxf7 Rf8 26. f3 Rxf7 $14 )(25. Rxb5 f6 $18 )(25. Rxf7 Rf8 26. Rxf8+ (26. Rxg7 Rxf2+ 27. Kh1 Kf8 $11 )Kxf8 $16 )f6 $2 (25... Nd6 26. Rd7 f6 27. Rxd6 fxe5 )26. Nd3 h5 27. Nf4 {[%emt 0:0:13] [#] Und jetzt Rcc7 wäre schön.} ({Viel schwächer ist} 27. Rxb5 Kd8 28. Rb6 h4 $18 )Nd6 28. Rxg7 e5 29. Nxd5 Kf8 30. Rd7 Ne8 31. h4 Rg8 32. Rc6 f5 33. Re6 e4 (33... Rg7 $142 34. Rxg7 (34. Ne7 b4 $18 )Nxg7 )34. Re5 Ng7 35. Nf6 (35. Ree7 $142 Ne6 36. Rf7+ Ke8 37. Nf6# )Rh8 36. Ree7 {[%emt 0:0:1] Gewichteter Fehlerwert: Weiß=0.43/Schwarz=0.70.  Fehler:       	Weiß=2     	Schwarz=5     Ungenau:       	Weiß=3     	Schwarz=3     OK:         	Weiß=10    	Schwarz=5     Bester:       	Weiß=3     	Schwarz=2     Stark:        	---       	Schwarz=2} 1-0

[Event "Biel Challengers Blitz 2024"]
[White "Bjerre,Jonas Buhl"]
[Black "Maurizzi,Marc`Andria"]
[Site "Biel"]
[Round "1.3"]
[Annotator "TA"]
[Result "0-1"]
[Date "2024.07.21"]
[WhiteElo "2653"]
[BlackElo "2610"]
[PlyCount "64"]
[TimeControl "180+2"]

1. Nf3 Nf6 2. c4 e6 3. g3 d5 4. Bg2 Be7 5. O-O O-O 6. b3 c5 7. cxd5 exd5 8. d4 Ne4 9. Bb2 Bf6 10. Qc1 cxd4 {[%emt 0:0:7] White is slightly better.} 11. Nxd4 Nc6 12. Nxc6 bxc6 13. Nd2 (13. Bxe4 {simplifies} dxe4 14. Bxf6 Qxf6 15. Nc3 )Bg5 (13... Bxb2 $11 14. Qxb2 Nf6 )14. e3 (14. Qxc6 $18 Bf5 (14... Bd7 15. Qxd5 Nxd2 16. Qd4 $18 )15. Nxe4 dxe4 16. Qa4 (16. Bxe4 Rc8 $18 ))Ba6 (14... Nxd2 $16 15. Qxd2 Bf6 )15. Re1 (15. Rd1 $18 Nd6 16. Qxc6 )Nxd2 $16 16. Qxd2 Re8 17. Rac1 Rc8 18. Bd4 Qd7 19. Qa5 Qb7 {[%emt 0:0:1] [#]} ({Better is} 19... Bb7 20. Red1 (20. Bxa7 Ra8 $11 )Be7 )20. h4 (20. Bh3 $142 $1 )Be7 21. e4 $2 (21. a3 $16 {and life is bright.} )Bb4 $17 22. Qa4 Bxe1 23. Rxe1 dxe4 24. Rxe4 Bb5 (24... Rxe4 $19 {is more deadly.} 25. Bxe4 Qb5 26. Qxb5 Bxb5 (26... cxb5 $2 27. Bxa7 Rc1+ 28. Kg2 $17 )27. Bxa7 Re8 (27... Ra8 $2 28. Bc5 $19 ))25. Qb4 (25. Rxe8+ $17 Rxe8 26. Qa5 )Rxe4 $19 26. Bxe4 {[%emt 0:0:1] This pair of bishops is nice.} Re8 27. Bc3 (27. Bc5 $17 {is a better defense.} )Qd7 {[%emt 0:0:20][%cal Oc6c5] aiming for ...c5!} 28. Kh2 $2 {[%emt 0:0:10] [#]} (28. Bg2 )c5 $1 {[%emt 0:0:15] Black is clearly winning.} 29. Qxc5 (29. Bxh7+ Kxh7 )Rxe4 30. Qg5 {[%emt 0:0:2] [#]} f6 $1 31. Qc5 Re8 {[%emt 0:0:5] ( -> ...Bf1)} 32. h5 Bc6 {[%emt 0:0:2] Weighted Error Value: White=1.21/Black=0.24 (precise) .  Mistake:       	White=7     	Black=4      Inaccurate:     	White=1     	Black=1      OK:         	White=6     	Black=7      Best:        	---       	Black=2      Brilliant:      	---       	Black=1} 0-1

[Event "Biel Challengers Blitz 2024"]
[White "Samunenkov,Ihor"]
[Black "Maurizzi,Marc`Andria"]
[Site "Biel"]
[Round "2.1"]
[Annotator "TA"]
[Result "0-1"]
[Date "2024.07.21"]
[WhiteElo "2532"]
[BlackElo "2610"]
[PlyCount "98"]
[TimeControl "180+2"]

1. d4 Nf6 2. c4 b6 3. Nf3 Bb7 4. g3 e6 5. Bg2 Bb4+ 6. Bd2 Bxd2+ 7. Qxd2 O-O 8. O-O d6 9. Rd1 Nbd7 10. Qc2 Be4 11. Qb3 a6 12. Nc3 Bb7 13. Qc2 Qe7 14. e4 Ne8 15. b3 c5 16. Rd2 cxd4 17. Nxd4 Rc8 18. Rad1 Nef6 19. a4 Nc5 20. Re1 Rfd8 21. Qa2 g6 22. h3 h5 23. h4 Ng4 24. a5 bxa5 25. Nc2 g5 26. hxg5 Qxg5 27. Ne3 a4 28. bxa4 (28. Nxg4 $2 axb3 $19 (28... Qxg4 29. Nxa4 h4 30. Re3 $14 )(28... Qxg4 29. Nxa4 h4 30. Re3 $14 ))(28. Nxa4 $11 Nf6 (28... Nxe4 29. Bxe4 Bxe4 30. Nxg4 $11 )(28... Bxe4 $2 29. Nxc5 Bxg2 30. Nxe6 $16 )29. Nxc5 dxc5 30. Nf1 )Ne5 29. Red1 (29. Qb1 $17 {keeps fighting.} )h4 $19 30. gxh4 (30. Nf1 $142 Qh5 31. Nh2 )Qxh4 (30... Nf3+ $142 31. Kf1 Nxd2+ (31... Nxh4 $2 32. Rxd6 Rxd6 33. Rxd6 $19 )32. Qxd2 Qxh4 )31. Rxd6 Rxd6 (31... Nxe4 $2 32. Rxd8+ Rxd8 33. Rxd8+ Qxd8 34. Nxe4 $18 )32. Rxd6 Nxe4 $2 (32... Bxe4 33. Nxe4 Nxe4 34. Rd4 $15 )(32... Ncd3 $19 {...Nf4 would now be deadly.} 33. a5 Kh7 34. Rxd3 Nxd3 )33. Nxe4 Bxe4 34. Rd4 f5 35. c5 Kf7 (35... Rxc5 $6 36. Qxe6+ Kf8 37. Qd6+ (37. Qxa6 Rc1+ 38. Rd1 Rxd1+ 39. Nxd1 Bxg2 $11 )Qe7 38. Qxe7+ (38. Qxa6 Nf3+ 39. Bxf3 Qg7+ $11 )Kxe7 39. Bxe4 fxe4 40. Rxe4 $16 )({Black should play} 35... Qh6 $1 $15 36. Bxe4 fxe4 37. Rxe4 Kf7 )36. Nxf5 $1 $11 Nf3+ $2 (36... Qg5 $11 37. Rxe4 (37. Nd6+ Kg7 $11 )Qxf5 )37. Bxf3 $18 Qg5+ {[%emt 0:0:0] [#]} 38. Kf1 $2 (38. Ng3 $1 $18 {White threatens Rd7+ and mate.} Bxf3 39. Rd7+ Kg8 40. Qxe6+ Kh8 41. Rf7 (41. Qxa6 Rxc5 $11 )(41. Qh3+ Bh5 $18 )Rxc5 42. Rxf3 )Bxf3 $11 39. Nd6+ (39. Rd7+ $1 $11 Kf8 (39... Kf6 $2 40. Qb2+ e5 41. Ne3 $18 )40. Ne3 )Kf8 (39... Kg7 $17 {( -> ...Qc1+)} 40. Qb2 (40. Nxc8 $2 Qc1+ )Qg2+ (40... Rxc5 $2 41. Rg4+ Kg6 42. Rxg5+ $18 )41. Ke1 Qg1+ (41... Rxc5 42. Rg4+ Kh7 43. Qg7# )42. Kd2 Qxf2+ (42... Rxc5 43. Rg4+ Kh7 44. Qg7# )43. Kc1 Rxc5+ (43... Qxb2+ 44. Kxb2 Rxc5 45. Rf4 $17 )44. Rc4+ Qxb2+ 45. Kxb2 Rd5 )40. Qb2 $2 (40. Nxc8 $2 Qc1+ )(40. Qc4 $15 Rxc5 41. Rf4+ Ke7 42. Nc8+ Rxc8 43. Qb4+ Qc5 44. Qxc5+ Rxc5 45. Rxf3 )Qg2+ $19 (40... Rxc5 41. Rf4+ (41. Qb8+ $2 Kg7 $19 )Ke7 (41... Qxf4 42. Qb8+ $11 )42. Rxf3 $11 )41. Ke1 Qg1+ (41... Rxc5 $2 42. Qb8+ Kg7 43. Qa7+ Kh6 44. Qxc5 $18 )42. Kd2 Qxf2+ (42... Rxc5 $2 43. Qb8+ Kg7 44. Qa7+ Kh6 45. Qxc5 $18 )43. Kc3 Qe3+ ({Weaker is} 43... Rxc5+ 44. Nc4 Qxb2+ 45. Kxb2 $19 )44. Kc2 ({Stronger than} 44. Kb4 Rb8+ 45. Nb5 axb5 )Rxc5+ 45. Kb1 Qe1+ 46. Ka2 {[%emt 0:0:1] [#]} Qe2 $2 ({Wrong is} 46... Bd5+ $2 47. Rxd5 $18 )(46... Ke7 $1 $19 {Strongly threatening ...Bd5+.} 47. Nc4 Bd5 48. Rxd5 Rxd5 49. Qg7+ Kd8 50. Qf8+ Kc7 51. Qe7+ Kc6 52. Qe8+ Kc5 )47. Rd2 $2 (47. Qxe2 $15 Bxe2 48. Re4 )Bd5+ 48. Ka3 Qe3+ 49. Kb4 a5# 0-1

[Event "Biel Challengers Blitz 2024"]
[White "Vaishali,Rameshbabu"]
[Black "Bjerre,Jonas Buhl"]
[Site "Biel"]
[Round "2.2"]
[Annotator "TA"]
[Result "1-0"]
[Date "2024.07.21"]
[WhiteElo "2489"]
[BlackElo "2653"]
[PlyCount "79"]
[TimeControl "180+2"]

1. e4 e5 2. Nf3 Nc6 3. Nc3 Nf6 4. Bb5 Nd4 5. O-O Nxb5 6. Nxb5 c6 7. Nc3 d6 8. d4 Qc7 9. a4 a5 10. Bg5 Be7 11. h3 {[%emt 0:0:6] The position is equal.} O-O 12. d5 h6 13. Bxf6 Bxf6 14. Qd3 Be7 15. Rad1 Qb6 16. b3 f5 17. Rfe1 Kh8 18. exf5 Bxf5 19. Ne4 Rad8 20. Qe3 Qc7 21. c4 cxd5 22. Rxd5 Be6 $1 23. Rd3 Rf4 (23... d5 $11 {keeps the balance.} 24. cxd5 Bxd5 (24... Rxd5 25. Rc1 $11 ))24. Red1 {[%emt 0:0:13] Black is on the road to losing.} (24. Nd4 $16 Bg8 25. Nb5 )Qc6 $2 {[%emt 0:0:10][%mdl 8192] [#]} (24... Bf5 $14 25. Nfd2 Bh7 )25. Nxe5 $1 dxe5 26. Rxd8+ Kh7 {[%emt 0:0:1] [#]} 27. R8d5 Bxd5 28. Rxd5 (28. cxd5 Qc2 29. Nc3 Bd6 $11 )Qe6 29. Qd3 {[%emt 0:0:4] Nf6+ would kill now.} g6 30. g3 ({Don't do} 30. Rxa5 h5 31. g3 Rf7 )Rf7 31. Kg2 b6 32. Rd7 Qf5 33. Rd5 $2 (33. Rb7 $18 )h5 $2 (33... Qe6 $1 $11 34. Rb5 Kg8 )34. Qe3 Kg7 35. Rd3 {[%emt 0:0:2] Active counter play!} h4 36. g4 Qe6 37. Rd5 Bb4 $2 (37... Rf4 38. f3 Kg8 )38. Ng5 $18 {[%emt 0:0:3][%csl LRe5,LRe6,LRf7] White is clearly winning.} Qf6 39. Nxf7 Qxf7 40. Qxe5+ {[%emt 0:0:2] Weighted Error Value: White=0.45/Black=0.59.  Loses game:     	---       	Black=2      Missed win:     	White=1     	---        Mistake:       	White=1     	Black=2      Inaccurate:     	White=1     	Black=3      OK:         	White=12    	Black=9      Best:        	White=2     	---        Strong:       	---       	Black=1} 1-0

[Event "Biel Challengers Blitz 2024"]
[White "Salem,A.R. Saleh"]
[Black "Donchenko,Alexander"]
[Site "Biel"]
[Round "2.3"]
[Annotator "RC"]
[Result "1-0"]
[Date "2024.07.21"]
[WhiteElo "2638"]
[BlackElo "2639"]
[PlyCount "53"]
[TimeControl "180+2"]

1. d4 Nf6 2. c4 g6 3. Nc3 Bg7 4. e4 d6 5. h3 e5 6. d5 Nbd7 7. Bd3 Nc5 8. Bc2 a5 9. Be3 h5 10. Qd2 Ng8 11. Nge2 Bh6 12. Bxh6 Nxh6 13. O-O-O Ng8 14. f4 Qe7 15. fxe5 Qxe5 16. Nb5 Na6 17. Ned4 Bd7 18. Nf3 Qg7 19. e5 Bxb5 20. cxb5 Nc5 21. Rde1 O-O-O 22. Qxa5 Nh6 23. exd6 cxd6 24. b6 Rde8 25. Qa8+ Kd7 26. Ba4+ Nxa4 27. Qxb7+ 1-0

[Event "Biel Challengers Blitz 2024"]
[White "Donchenko,Alexander"]
[Black "Samunenkov,Ihor"]
[Site "Biel"]
[Round "3.1"]
[Annotator "TA"]
[Result "1-0"]
[Date "2024.07.21"]
[WhiteElo "2639"]
[BlackElo "2532"]
[PlyCount "133"]
[TimeControl "180+2"]

1. Nf3 d5 2. e3 c5 3. b3 Nf6 4. Bb2 g6 5. c4 dxc4 6. Bxc4 {[%emt 0:0:2] A06: Réti Opening: 1 Nf3 d5.} Bg7 7. O-O O-O 8. Nc3 Nc6 9. h3 b6 10. Qe2 $146 ({Predecessor:} 10. a3 Bb7 11. Qc2 Rc8 12. Be2 Nd4 13. exd4 cxd4 14. Qb1 dxc3 15. dxc3 Nd5 16. c4 {0-1 Oragwu,C (2195)-Gourlay,I (2295) London Mindsports IM-B 2023 (7)} )Bb7 11. Rfd1 e5 12. d3 Qe7 13. Ng5 Na5 14. Nge4 Nxc4 15. Nxf6+ Bxf6 16. dxc4 e4 17. Nd5 Bxd5 18. Rxd5 Bxb2 19. Qxb2 Rad8 20. Rad1 Rxd5 21. Rxd5 Rd8 22. Qd2 Rxd5 23. Qxd5 h5 24. h4 Qxh4 25. Qa8+ Kg7 26. Qxa7 Qf6 27. Qc7 Qa1+ 28. Kh2 Qxa2 29. Qe5+ Kg8 30. Qe8+ Kg7 31. Qe5+ Kh7 32. Qf6 Qa7 33. Qc6 f5 34. Qf6 Qc7+ 35. g3 Qb7 36. Kh3 Qc7 37. Kh4 Qg7 38. Qxb6 Qe7+ 39. Kh3 Kh6 40. Qb8 g5 41. Qh8+ Kg6 42. Qg8+ Kh6 43. Qd5 Kg6 44. Qc6+ Kg7 45. Qc8 Kg6 46. Kg2 Qe5 47. Qg8+ Kh6 48. Qf7 g4 $2 (48... f4 $1 $11 )49. Qg8 Qe7 50. Qh8+ Kg6 51. Qg8+ $2 (51. Kh2 $18 )Kf6 $2 (51... Kh6 $1 $11 {and Black stays safe.} )52. Qb8 $18 Kg6 53. Kg1 Kg7 54. Qb6 $2 (54. Qc8 $18 Qf8 55. Qb7+ Qf7 56. Qb6 (56. Qc8 Qf8 $16 ))Kh7 $2 (54... h4 $1 $11 )55. Qc6 Kg7 56. Qd5 Kf6 57. Qg8 Ke5 (57... Qd6 $142 )58. Qg6 h4 59. gxh4 Qxh4 $2 (59... Qd8 $16 {is a better chance.} 60. Qg7+ Ke6 )60. Qg7+ $2 (60. Qe8+ $18 Kd6 61. Qb8+ Ke6 62. Qb6+ Kf7 63. Qxc5 )Kd6 $2 (60... Qf6 $11 61. Qh7 Ke6 )61. Qf8+ $18 Kc6 62. Qxf5 g3 63. Qg6+ Kb7 64. Qxg3 Qe7 65. Qg6 Qe5 66. Kg2 Kc7 (66... Ka7 $18 67. Kh3 Qh8+ 68. Kg4 Qb2 69. Qf7+ (69. Qxe4 Qxf2 70. Qe7+ Ka8 $18 )Kb6 )67. Qg3 1-0

[Event "Biel Challengers Blitz 2024"]
[White "Bjerre,Jonas Buhl"]
[Black "Salem,A.R. Saleh"]
[Site "Biel"]
[Round "3.2"]
[Annotator "TA"]
[Result "0-1"]
[Date "2024.07.21"]
[WhiteElo "2653"]
[BlackElo "2638"]
[PlyCount "92"]
[TimeControl "180+2"]

1. e4 e6 2. d4 d5 3. Nc3 Bb4 4. e5 c5 5. Bd2 Bxc3 6. Bxc3 Ne7 {[%emt 0:0:3] C17: French: 3 Nc3 Bb4 4 e5 c5 sidelines.} 7. Nf3 b6 8. h4 $146 ({Predecessor:} 8. Bb5+ Bd7 9. Bd3 Nbc6 10. O-O Qc7 11. Re1 h6 12. a3 O-O 13. b4 cxd4 14. Nxd4 Na5 15. Re3 {1-0 Seitaj,I (2333)-Nikolovski,N (2443) Kosovo-chT Pristina 2021 (4.3)} )Ba6 9. Bxa6 Nxa6 10. Qe2 Nc7 11. h5 h6 12. g4 Qd7 13. a4 Nc6 14. Qe3 Na6 15. Kf1 Nab4 16. Bxb4 (16. dxc5 $2 {is the wrong capture.} Nxc2 17. Qf4 Nxa1 $19 )Nxb4 17. Qd2 Nc6 18. c3 Na5 19. Qc2 Rc8 20. Kg2 cxd4 21. Nxd4 Nc6 22. Nf3 d4 23. Rad1 Qd5 (23... Qb7 $1 $11 24. Rhe1 (24. cxd4 Nxe5 25. Qb3 Nxg4 $17 )dxc3 25. bxc3 O-O )24. Rhe1 $14 O-O 25. c4 Qc5 26. b3 f5 27. g5 Rcd8 28. gxh6 (28. Qe2 $11 {keeps the balance.} )gxh6 $17 29. Kh2 {[%emt 0:0:0] [#]} ({White should try} 29. Rg1 )Kh7 (29... d3 $142 $1 30. Qd2 f4 )30. Qd2 $2 (30. Qe2 $17 {was forced.} )Rg8 $19 31. Nh4 $2 (31. Qe2 Rg4 32. a5 )Nxe5 32. f3 Qe7 33. Qf2 (33. Kh3 $142 Qxh4+ 34. Kxh4 Nxf3+ 35. Kh3 Nxd2 36. Rxd2 )Qxh4+ $19 34. Qxh4 Nxf3+ 35. Kh3 Nxh4 36. Kxh4 Rg4+ 37. Kh3 Re4 38. Rxe4 fxe4 39. Kg4 e3 40. Kf3 Rf8+ 41. Ke4 a5 42. Rg1 Rd8 43. Kd3 e5 44. Ke4 Rg8 45. Re1 Rg5 46. Rc1 Rxh5 0-1

[Event "Biel Challengers Blitz 2024"]
[White "Maurizzi,Marc`Andria"]
[Black "Vaishali,Rameshbabu"]
[Site "Biel"]
[Round "3.3"]
[Annotator "TA"]
[Result "1-0"]
[Date "2024.07.21"]
[WhiteElo "2610"]
[BlackElo "2489"]
[PlyCount "45"]
[TimeControl "180+2"]

1. Nf3 Nf6 2. d4 g6 3. g3 Bg7 4. Bg2 O-O 5. O-O d5 6. c4 c6 7. Nc3 dxc4 8. e4 b5 9. Qe2 a5 10. Rd1 Ba6 11. d5 {[%emt 0:0:9] The position is equal.} cxd5 12. e5 e6 $1 13. exf6 Bxf6 {[%emt 0:0:2] [#]} (13... Qxf6 $11 14. Bg5 Qf5 )14. Ne4 $1 $16 {[%emt 0:0:7] White is much more active. The black rooks are passive.} Bg7 15. Bg5 Qc7 16. Nf6+ Kh8 {[%emt 0:0:1] [#]} (16... Bxf6 {might work better.} 17. Bxf6 Nd7 )17. Ne5 $1 $18 {[%emt 0:0:9] Excellent horsemanship.} Nc6 {[%emt 0:0:5] Inhibits Rd4.} (17... h6 )18. Nxc6 {[%emt 0:0:7][%cal Oe2g4] Strongly threatening Qg4!} Qxc6 19. Qg4 {[%emt 0:0:1] Threatens to win with Qh4.} c3 20. Qh4 h5 21. g4 cxb2 22. gxh5 Qc4 {[%emt 0:0:1] [#]} 23. Be4 $1 {[%emt 0:0:22][%mdl 512] Black did not feel at home in the position after the opening.   Weighted Error Value: White=0.19 (very precise) /Black=0.99.  Mistake:       	---       	Black=3      Inaccurate:     	---       	Black=2      OK:         	White=3     	Black=3      Best:        	White=2     	---        Strong:       	White=2     	Black=1} 1-0

[Event "Biel Challengers Blitz 2024"]
[White "Samunenkov,Ihor"]
[Black "Vaishali,Rameshbabu"]
[Site "Biel"]
[Round "4.1"]
[Annotator "TA"]
[Result "1-0"]
[Date "2024.07.21"]
[WhiteElo "2532"]
[BlackElo "2489"]
[PlyCount "73"]
[TimeControl "180+2"]

1. d4 Nf6 2. g3 g6 3. Bg2 d5 4. Nf3 Bg7 5. c4 c6 6. O-O O-O 7. cxd5 cxd5 8. Ne5 Bf5 9. Nc3 Ne4 10. Bf4 Nxc3 11. bxc3 Nc6 12. Nxc6 bxc6 {[%emt 0:0:1] The position is equal.} 13. Qa4 e6 14. Rfc1 Qb6 {[%emt 0:0:27] [#]} 15. e4 $1 Bxe4 (15... dxe4 16. Rab1 )16. Bxe4 dxe4 17. Rab1 {[%emt 0:0:2] Inhibits Qb5.} Qd8 18. Qxc6 {[%emt 0:0:48] White is much more active.} Qa5 19. Rc2 {[%emt 0:0:34] Black is weak on the dark squares} Qd5 20. Qxd5 exd5 21. Rb5 Rfd8 22. Rcb2 Rac8 23. R2b3 Rd7 24. Rb7 Rxb7 25. Rxb7 $16 {[%emt 0:0:2][%mdl 4096] Endgame. KRB-KRB} h6 (25... a6 $142 )26. Bd2 ({Of course not} 26. Rxa7 $6 Rxc3 27. Rd7 Bxd4 $14 )f5 27. Rxa7 Rb8 (27... Bf6 $16 {was called for.} )28. Ra5 $18 Rb2 29. Be3 Rc2 30. Rxd5 {[%emt 0:0:4] aiming for Rd8+.} Rxc3 31. a4 Ra3 32. a5 Bf8 (32... Ra4 $16 {is a better defense.} 33. h4 Kf7 )33. Rb5 Kf7 34. d5 {[%emt 0:0:2] [#] Strongly threatening Rb7+.} g5 $2 (34... Ra1+ {keeps fighting.} 35. Kg2 g5 )35. Rb7+ Ke8 (35... Kg8 $142 36. Ra7 Ra1+ 37. Kg2 Ra2 )36. Rb8+ Kd7 37. Rxf8 {[%emt 0:0:3] Weighted Error Value: White=0.05 (flawless) /Black=0.27 (precise) .  Mistake:       	---       	Black=5      Inaccurate:     	---       	Black=2      OK:         	White=10    	Black=7      Best:        	White=4     	Black=2} 1-0

[Event "Biel Challengers Blitz 2024"]
[White "Salem,A.R. Saleh"]
[Black "Maurizzi,Marc`Andria"]
[Site "Biel"]
[Round "4.2"]
[Annotator "TA"]
[Result "1-0"]
[Date "2024.07.21"]
[WhiteElo "2638"]
[BlackElo "2610"]
[PlyCount "67"]
[TimeControl "180+2"]

1. d4 e6 2. c4 Nf6 3. Nc3 Bb4 4. a3 Bxc3+ 5. bxc3 Nc6 6. f3 O-O 7. e4 d6 8. Bd3 {[%emt 0:0:2] Die Stellung ist ausgeglichen.} Ne8 9. Ne2 Na5 10. O-O c5 11. Ng3 b6 12. Rb1 Ba6 13. Qe2 cxd4 14. cxd4 Rc8 15. Rb4 Qc7 16. f4 Bxc4 17. Bxc4 Nxc4 18. f5 a5 19. Rb3 Nf6 $2 (19... e5 $11 )20. Bg5 Nd7 (20... Ne8 21. fxe6 fxe6 )21. f6 $18 {[%emt 0:0:2] Und jetzt fxg7 wäre schön.} g6 22. Qg4 $1 {[%emt 0:0:7] Schwarz muss nun Qh4 beachten.} Kh8 23. Bh6 a4 $2 (23... Nd2 {ist eine bessere Verteidigung.} )24. Rbf3 (24. Bg7+ $142 Kg8 25. Rc3 )Nde5 $2 (24... Nce5 25. dxe5 Nxe5 )25. dxe5 (25. Bg7+ $142 Kg8 26. Qh3 (26. dxe5 Nxe5 27. Qh4 Nxf3+ 28. Rxf3 Qc1+ 29. Nf1 Qc5+ 30. Re3 Rfd8 $14 )Nxf3+ 27. gxf3 )Nxe5 26. Qh4 Nxf3+ 27. Rxf3 (27. gxf3 Rg8 $14 )Qc5+ {[%emt 0:0:19] [#]} 28. Kh1 $2 (28. Be3 $1 $18 Qe5 29. Qh6 (29. Bxb6 Rc3 $15 ))Rfe8 $2 ({Günstiger ist} 28... Rfd8 $14 )29. Bg5 $2 $40 {[%emt 0:0:45][%mdl 128] Weiss hat was vor.} (29. h3 $18 )Qe5 $2 (29... d5 $11 )30. Qh6 Rg8 {[%emt 0:0:0] Es drohte Qg7+} 31. Nf1 {[%emt 0:0:3][%cal Oh6h7] Weiss will mit Qxh7+! Matt setzen.} Rc3 32. Ne3 {[%emt 0:0:16][%cal Oh6h7] Beabsichtigt Qxh7+! und Matt.} Rc1+ $1 ({Und nicht} 32... Rxa3 33. Qxh7+ Kxh7 34. Rh3# )33. Nf1 {[%emt 0:0:1][%cal Oh6h7] jetzt Qxh7+! und aus. Tanz auf der Rasierklinge.} Rc3 $1 {[%emt 0:0:2] [#] ...Rxf3 ist eine echte Drohung.} 34. Ne3 $2 {[%emt 0:0:22][%mdl 32768] Gewichteter Fehlerwert: Weiß=0.90/Schwarz=0.67.  Verlustzug:     	---       	Schwarz=3     Gewinn verpasst:   	Weiß=3     	---        Fehler:       	Weiß=2     	Schwarz=3     Ungenau:       	Weiß=2     	Schwarz=1     OK:         	Weiß=7     	Schwarz=9     Bester:       	Weiß=2     	Schwarz=1     Stark:        	Weiß=1     	Schwarz=1    . Zeitüberschreitung!?} ({Weiss kommt nicht vorbei an} 34. Rf4 $1 $18 Qxf4 35. Bxf4 )1-0

[Event "Biel Challengers Blitz 2024"]
[White "Donchenko,Alexander"]
[Black "Bjerre,Jonas Buhl"]
[Site "Biel"]
[Round "4.3"]
[Annotator "TA"]
[Result "0-1"]
[Date "2024.07.21"]
[WhiteElo "2639"]
[BlackElo "2653"]
[PlyCount "142"]
[TimeControl "180+2"]

1. c4 e5 2. Nc3 Bb4 3. Nd5 a5 4. Nf3 d6 5. a3 Bc5 6. e3 c6 7. d4 Ba7 8. Nc3 Nd7 9. Qc2 Ngf6 10. Bd2 O-O 11. O-O-O Re8 12. h3 e4 13. Nh2 d5 14. cxd5 cxd5 15. g4 Nb6 16. g5 Nfd7 17. Rg1 Nf8 18. h4 Bd7 19. Kb1 Rc8 20. Qb3 a4 21. Qb4 Be6 22. Nxa4 Qc7 23. Bb5 Nxa4 24. Qxa4 Nd7 25. Ng4 Nb6 26. Qb3 Red8 27. Rc1 Nc4 28. Bb4 Bxg4 29. Qa4 Bb8 30. Bxc4 dxc4 31. Rxg4 Qh2 32. Qc2 Re8 33. Rxe4 Rxe4 34. Qxe4 Qxf2 35. Qxb7 Re8 36. Rc3 Qxh4 37. Qd5 g6 38. Rxc4 Bg3 39. Rc3 Be1 40. Rc7 Qf2 41. Bxe1 (41. Qc6 $142 Qf5+ 42. Ka2 )Qxe1+ $18 42. Ka2 Rf8 (42... Qf2 $142 43. a4 Rf8 )43. e4 Qg3 44. e5 Qxg5 45. a4 h5 46. a5 h4 47. a6 h3 48. a7 $2 (48. Rxf7 {White wants to mate with Rf5+.} Rxf7 49. a7 )Qg2 $18 49. Qxg2 hxg2 50. Rc1 Ra8 51. Rg1 Rxa7+ {[%emt 0:0:2] [#]} 52. Kb3 $1 f6 53. Rxg2 $2 (53. exf6 $18 {is the precise move to win.} Kf7 54. Rxg2 )Kf7 $2 (53... fxe5 $16 54. dxe5 Kf7 )54. Rf2 $18 f5 55. d5 Rc7 $2 (55... Re7 56. e6+ Kf6 )56. Kb4 $18 Rc1 57. Rh2 (57. Kb5 Rc8 58. Kb6 Re8 59. e6+ (59. Re2 Ra8 $18 )Ke7 )g5 58. Rh6 f4 59. Rf6+ (59. d6 $142 Re1 60. Rf6+ Ke8 61. e6 )Ke7 60. Rf5 (60. d6+ $142 Kd7 61. Rf7+ Ke6 62. Re7+ Kf5 63. d7 )Rg1 61. Kc5 Rc1+ 62. Kb5 Rd1 63. d6+ $2 (63. Rxg5 Rxd5+ 64. Kc4 Rd2 $11 )(63. e6 $18 Kd6 64. Re5 (64. Rxg5 f3 $11 )Kxe5 65. e7 )Ke6 $11 64. Rxg5 $2 (64. Rf8 $11 Kxe5 65. Re8+ Kf5 (65... Kxd6 66. Rd8+ Ke6 67. Rxd1 $18 )66. Kc6 )f3 65. Rg3 f2 (65... Kxe5 66. Rxf3 Kxd6 67. Rc3 Rd5+ 68. Ka4 $18 )66. Rf3 f1=Q+ 67. Rxf1 Rxf1 68. Kc6 Rc1+ ({Worse is} 68... Kxe5 69. d7 Rf8 70. Kc7 $11 )69. Kb7 Kd7 ({Stronger than} 69... Kxe5 70. d7 Rd1 71. Kc8 $11 )70. b4 Rb1 71. e6+ Kxd6 0-1